 Dungeon Crawl Stone Soup version 0.26-a0-474-gfaca0e1de5 (webtiles) character file.

Game seed: 13395107562894746086

60676 Infinimo the Brawler (level 14, -6/118 HPs)
             Began as a Demonspawn Fighter on July 30, 2020.
             Was an Initiate of Gozag.
             Mangled by an orc knight
             ... wielding a +3 dire flail of protection
              (41 damage)
             ... on level 1 of the Orcish Mines on July 31, 2020.
             The game lasted 00:31:53 (30178 turns).

Infinimo the Brawler (Demonspawn Fighter)          Turns: 30178, Time: 00:31:54

Health: -6/118     AC: 15    Str: 22    XL:     14   Next: 57%
Magic:  0/19       EV: 15    Int: 19    God:    Gozag
Gold:   768        SH:  5    Dex: 12    Spells: 13/13 levels left

rFire    . . .     SeeInvis .     - Unarmed
rCold    . . .     Faith    .   (no shield)
rNeg     . . .     Spirit   +   q - +4 moon troll leather armour {Spirit, Regen++ MP+5}
rPois    .         Reflect  +   F - +0 helmet {Int+3}
rElec    .         Harm     .   w - +0 cloak
rCorr    .                      (gloves unavailable)
MR       +....                  D - +1 pair of boots {Fly}
Stlth    +.........             o - amulet of reflection
HPRegen  1.09/turn              h - +6 ring of intelligence
MPRegen  0.16/turn              z - ring of wizardry

@: flying
A: claws 3, repulsion field 2, demonic guardian 2, magic shield
a: Potion Petition, Call Merchant, Bribe Branch, Renounce Religion, Stop Flying


You were on level 1 of the Orcish Mines.
You worshipped Gozag.
Gozag was pleased with you.
You visited 4 branches of the dungeon, and saw 20 of its levels.
You also visited: Sewer.

You collected 6178 gold pieces.
You spent 2090 gold pieces at shops.
You paid 3320 gold pieces to Gozag.

Inventory:

Armour
 q - the +4 moon troll leather armour (worn) {Spirit, Regen++ MP+5}
   (You bought it in a shop on level 6 of the Lair of Beasts)

   It affects your magic capacity (+5).
   It increases your rate of regeneration.
 w - a +0 cloak (worn)
 D - a +1 pair of boots of flying (worn)
 F - a +0 helmet of intelligence (worn)
Jewellery
 h - a +6 ring of intelligence (left claw)
 o - an amulet of reflection (around neck)
 z - a ring of wizardry (right claw)
Wands
 v - a wand of digging (12)
Scrolls
 a - 4 scrolls of identify
 b - 2 scrolls of noise
 f - 4 scrolls of teleportation
 l - 3 scrolls of blinking
 m - 8 scrolls of remove curse
 n - 3 scrolls of magic mapping
 x - 2 scrolls of fear
 y - 5 scrolls of enchant weapon
 I - a scroll of amnesia
 L - a scroll of enchant armour
Potions
 c - 5 potions of degeneration
 d - a potion of cancellation
 e - 9 potions of flight
 g - 3 potions of magic
 i - 5 potions of might
 j - 9 potions of curing
 k - 2 potions of mutation
 p - 4 potions of stabbing
 r - a potion of berserk rage
 s - a potion of lignification
 t - a potion of invisibility
 u - 2 potions of brilliance
 A - 2 potions of haste
 C - a potion of ambrosia
 G - 2 potions of resistance


   Skills:
 + Level 13.1 Fighting
   Level 6.0 Long Blades
 + Level 12.0 Armour
 + Level 2.1 Dodging
   Level 3.5 Shields
 * Level 15.2 Unarmed Combat


You had 13 spell levels left.
You didn't know any spells.
Your spell library contained the following spells:

 Spells                   Type           Power        Failure   Level
 Sandblast                Erth           #.....       9%          1
 Summon Small Mammal      Summ           #...         9%          1
 Call Imp                 Summ           #.......     14%         2
 Passwall                 Tmut/Erth      #.......     14%         2
 Call Canine Familiar     Summ           #.......     26%         3
 Confusing Touch          Hex            #.......     26%         3
 Gell's Gravitas          Tloc           #.........   26%         3
 Stone Arrow              Conj/Erth      #.....       26%         3
 Summon Guardian Golem    Hex/Summ       #.......     26%         3
 Petrify                  Tmut/Erth      #.......     63%         4
 Summon Ice Beast         Ice/Summ       #.......     63%         4
 Summon Lightning Spire   Summ/Air       #.......     63%         4
 Lee's Rapid Deconstruct  Erth           #.........   91%         5
 Metabolic Englaciation   Hex/Ice        #.........   91%         5
 Yara's Violent Unravell  Hex/Tmut       #.........   91%         5


Dungeon Overview and Level Annotations

Branches:
Dungeon (11/15)            Temple (1/1) D:7            Lair (6/6) D:11
  Swamp (0/4) Lair:3        Snake (0/4) Lair:4        Slime (0/5) Lair:6
    Orc (2/2) D:10          Sewer (visited)
    Elf: Orc:2

Altars:
Ashenzari
Cheibriados
Dithmenos
Elyvilon
Fedhas
Gozag
Hepliaklqana
Kikubaaqudgha
Makhleb
Nemelex Xobeh
Okawaru
Qazlal
Ru
Sif Muna
Trog
Uskayaw
Vehumet
Wu Jian
Xom
Yredelemnul
Zin
The Shining One

Shops:
D:5 [   D:6 =   D:11 [=   Orc:2 [   Lair:3 =   Lair:6 [

Annotations:
D:11 1 runed translucent door, Turbonekonecno's ghost, journeyman OpVM


Innate Abilities, Weirdness & Mutations

You have claws for hands.
You are surrounded by a moderate repulsion field. (EV +3)
A demonic guardian rushes to your aid.
When hurt, damage is shared between your health and your magic reserves.


Message History

There is a stone staircase leading down, spattered with blood here.
You fly downwards.
An orc warrior comes into view. It is wielding a +0 mace.
The orc knight roars a battlecry!
The orcs go into a battle-frenzy!
The orc warrior hits you with a cursed +0 dire flail!!
The orc warrior hits you with a +0 short sword!!
The orc knight roars a battlecry!
The orc knight goes into a battle-frenzy!
There is a stone staircase leading up, spattered with blood here.
The orc knight hits you with a +0 long sword!!
The orc warrior hits you with a +0 short sword!
You block the orc knight's attack. You block the orc's attack.
You fly upwards.
There is a stone staircase leading down, spattered with blood here.
The orc knight hits you with a +3 dire flail of protection!
* * * LOW HITPOINT WARNING * * *
The orc knight hits you with a +3 dire flail of protection!!!
You die...
Your body crumbles into a pile of gold.

##.#....#...................#
##...............#.......#.##
#.............#..#......####
##.........[.............#
#...#.##................##
##.######.....oo<.>#...## ##)##
##....oo..).....# #.).#
###......ooo(.....######
##.####........@.........#.#.##
##.##.....##..................#
#.......######......#.##.#.#.##
##....#####.##..#......##...##
###.## #......#......###.## ###
##.##.#[..##..#####
###..##.#.....###
#.....#.....##.##
##.....#.#.##...#


You could see 3 orc knights, 3 orc warriors and an orc (strong).

Vanquished Creatures
  A stone giant (Orc:2)
  Snorg (Lair:3)
  Josephine (Lair:4)
  Erolcha (Orc:2)
  4 hydras
  A queen ant (Lair:2)
  2 two-headed ogres
  A fire crab (Lair:6)
  An unseen horror (D:11)
  3 orc knights
  12 elephants
  6 black mambas
  27 cane toads
  A rime drake (Lair:3)
  8 komodo dragons
  3 trolls
  3 hippogriffs
  4 tyrant leeches (Lair:6)
  4 dream sheep (Lair:6)
  26 blink frogs
  Sigmund (D:2)
  A shadow (D:11)
  5 wraiths
  A steam dragon (D:11)
  A basilisk (Lair:4)
  A wyvern (Lair:5)
  42 yaks
  6 vampire mosquitoes (Lair:6)
  16 wargs
  3 nagas (Lair:4)
  12 soldier ants (Lair:2)
  16 water moccasins
  9 porcupines
  3 ice beasts
  20 orc warriors
  A sky beast (D:7)
  4 black bears (D:11)
  3 ogres
  2 phantoms
  6 centaurs
  8 wolves
  15 crocodiles
  6 big kobolds
  27 bullfrogs
  A wyvern skeleton (D:6)
  2 scorpions (D:11)
  The ghost of MrRokkomies the Skirmisher, a weakling PaDe (D:4)
  4 killer bees (D:7)
  9 wights
  5 howler monkeys
  4 electric eels
  2 jellies
  2 quasits (D:4)
  A centaur skeleton (D:4)
  14 orc priests
  7 hounds
  4 bullfrog skeletons
  7 iguanas
  Ijyb (D:4)
  13 orc wizards
  36 worker ants
  3 hound skeletons
  5 gnolls (D:6)
  13 adders
  A howler monkey skeleton (D:6)
  3 river rats (Sewer)
  3 shadow imps
  3 white imps
  3 oozes
  An adder skeleton (D:5)
  3 dart slugs
  12 leopard geckos
  87 orcs
  5 ball pythons
  9 giant cockroaches
  9 goblins
  7 hobgoblins
  20 jackals
  33 kobolds
  2 quokkas
  7 bats
  6 frilled lizards
  A giant cockroach zombie (D:5)
  A leopard gecko skeleton (D:7)
  A leopard gecko zombie (D:7)
  27 rats
  A plant (Lair:6)
698 creatures vanquished.

Vanquished Creatures (collateral kills)
  2 orc sorcerers
  A cyclops (Orc:1)
  A black mamba (Lair:3)
  A cane toad (Lair:6)
  A rime drake (Lair:2)
  A troll (D:11)
  2 blink frogs
  3 dream sheep (Lair:6)
  5 yaks
  A warg (D:11)
  3 orc warriors
  An ogre (Orc:2)
  A bullfrog (Lair:6)
  A scorpion (D:4)
  A wight (D:11)
  A bullfrog zombie (D:6)
  2 gnolls (D:6)
  3 orcs
  A frilled lizard (D:4)
32 creatures vanquished.

Vanquished Creatures (others)
  A yak (D:11)
  A porcupine (D:11)
  25 fungi
  54 plants
81 creatures vanquished.

Grand Total: 811 creatures vanquished

Notes
Turn   | Place    | Note
-------+----------+-------------------------------------------
     0 | D:1      | Infinimo the Demonspawn Fighter began the quest for the
                  | Orb.
     0 | D:1      | Reached XP level 1. HP: 18/18 MP: 1/1
   302 | D:1      | Gained mutation: You are surrounded by a mild repulsion
                  | field. (EV +2) [demonic ancestry]
   302 | D:1      | Reached XP level 2. HP: 24/24 MP: 2/2
   837 | D:1      | Reached XP level 3. HP: 29/29 MP: 3/3
  1381 | D:2      | Found an iron altar of Okawaru.
  1547 | D:2      | Found a shimmering blue altar of Sif Muna.
  1564 | D:2      | Noticed Sigmund
  1579 | D:2      | Killed Sigmund
  1579 | D:2      | Gained mutation: You have sharp fingernails. [demonic
                  | ancestry]
  1579 | D:2      | Reached XP level 4. HP: 27/37 MP: 4/4
  1579 | D:2      | Reached XP level 5. HP: 31/42 MP: 5/5
  1796 | D:2      | Gained mutation: A weak demonic guardian rushes to your
                  | aid. [demonic ancestry]
  1796 | D:2      | Reached XP level 6. HP: 15/48 MP: 0/6
  2556 | D:3      | Found a blossoming altar of Fedhas.
  2556 | D:3      | Found a sacrificial altar of Ru.
  2557 | D:3      | Found a basalt altar of Yredelemnul.
  3014 | D:4      | Noticed Ijyb
  3025 | D:4      | Killed Ijyb
  3031 | D:4      | Reached skill level 5 in Long Blades
  3031 | D:4      | Gained mutation: You have very sharp fingernails. [demonic
                  | ancestry]
  3031 | D:4      | Reached XP level 7. HP: 28/55 MP: 2/7
  3196 | D:4      | Found a transporter.
  3210 | D:4      | Found a transporter.
  3214 | D:4      | Noticed MrRokkomies's ghost (weakling PaDe)
  3859 | D:4      | Found a sacrificial altar of Ru.
  3913 | D:4      | Reached skill level 5 in Fighting
  4005 | D:4      | Got a warped robe
  4016 | D:4      | Identified the +0 robe of the Devil's Team {Slay+3 Stlth+}
                  | (You found it on level 4 of the Dungeon)
  4063 | D:4      | Killed MrRokkomies's ghost
  4362 | D:5      | Entered Level 5 of the Dungeon
  4714 | D:5      | Found a glowing drain.
  4729 | D:5      | Gained mutation: You have claws for hands. [demonic
                  | ancestry]
  4729 | D:5      | Reached XP level 8. HP: 62/62 MP: 8/8
  4811 | Sewer    | Entered a sewer
  4866 | Sewer    | Reached skill level 1 in Unarmed Combat
  5242 | Sewer    | Reached skill level 2 in Unarmed Combat
  5393 | Sewer    | Reached skill level 5 in Armour
  5737 | D:5      | Found a radiant altar of Vehumet.
  5855 | D:5      | Found Rasiam's Armour Shoppe.
  6072 | D:6      | Reached skill level 3 in Unarmed Combat
  6632 | D:6      | Reached skill level 4 in Unarmed Combat
  6716 | D:6      | Found a hide-covered altar of Uskayaw.
  6980 | D:6      | Reached XP level 9. HP: 40/71 MP: 9/9
  7278 | D:6      | Reached skill level 5 in Unarmed Combat
  7439 | D:6      | Found Huhukk's Jewellery Boutique.
  7658 | D:6      | Found a glowing golden altar of the Shining One.
  7863 | D:7      | Found a staircase to the Ecumenical Temple.
  8087 | D:7      | Found a sparkling altar of Nemelex Xobeh.
  8230 | D:7      | Found a stormy altar of Qazlal.
  8249 | D:7      | Found a white marble altar of Elyvilon.
  8543 | D:7      | Reached skill level 6 in Unarmed Combat
  8816 | Temple   | Entered the Ecumenical Temple
  8867 | Temple   | Became a worshipper of Gozag Ym Sagoz the Greedy
  9872 | D:9      | Found an ornate altar of the Wu Jian Council.
 10103 | D:9      | Found a bloodstained altar of Trog.
 10658 | D:10     | Entered Level 10 of the Dungeon
 10716 | D:10     | Reached skill level 7 in Unarmed Combat
 10753 | D:10     | Gained mutation: When hurt, damage is shared between your
                  | health and your magic reserves. [demonic ancestry]
 10753 | D:10     | Reached XP level 10. HP: 38/80 MP: 10/10
 11218 | D:10     | Found a staircase to the Orcish Mines.
 12610 | D:11     | Noticed a two-headed ogre
 12634 | D:11     | Killed a two-headed ogre
 12634 | D:11     | Reached skill level 8 in Unarmed Combat
 12874 | D:11     | Noticed a two-headed ogre
 13139 | D:10     | Killed a two-headed ogre
 13211 | D:11     | Reached skill level 9 in Unarmed Combat
 13340 | D:11     | Killed an unseen horror
 13340 | D:11     | Reached XP level 11. HP: 39/89 MP: 8/11
 13885 | D:11     | Noticed an orc knight
 14139 | D:11     | Bought a pair of runed boots for 142 gold pieces
 14139 | D:11     | Bought a fine scale mail for 171 gold pieces
 14139 | D:11     | Bought a glowing helmet for 142 gold pieces
 14150 | D:11     | Identified the +4 scale mail of the Moon {rPois rN+ Stlth-}
                  | (You bought it in a shop on level 11 of the Dungeon)
 14418 | D:11     | Found a staircase to the Lair.
 14928 | D:11     | Reached skill level 10 in Unarmed Combat
 15586 | D:11     | Found a runed translucent door.
 15587 | D:11     | Noticed Turbonekonecno's ghost (journeyman OpVM)
 15616 | D:11     | Found a snail-covered altar of Cheibriados.
 15689 | D:11     | Killed an orc knight
 16209 | Lair:1   | Entered Level 1 of the Lair of Beasts
 16471 | Lair:1   | Reached skill level 10 in Fighting
 16887 | Lair:1   | Noticed a four-headed hydra
 16916 | Lair:1   | Killed a four-headed hydra
 16916 | Lair:1   | Reached skill level 11 in Unarmed Combat
 17191 | Lair:1   | Gained mutation: You are surrounded by a moderate repulsion
                  | field. (EV +3) [demonic ancestry]
 17191 | Lair:1   | Reached XP level 12. HP: 87/97 MP: 10/12
 17528 | Lair:2   | Noticed a queen ant
 18019 | Lair:2   | Killed a queen ant
 18326 | Lair:2   | Reached skill level 12 in Unarmed Combat
 18754 | Lair:2   | Reached skill level 10 in Armour
 19357 | Lair:2   | Found the +8 whip "Snakebite" {curare, rPois}
 19869 | Lair:3   | Found a hide-covered altar of Uskayaw.
 19882 | Lair:3   | Found a staircase to the Swamp.
 19883 | Lair:3   | Noticed a six-headed hydra
 19898 | Lair:3   | Killed a ten-headed hydra
 20802 | Lair:4   | Noticed a seven-headed hydra
 20817 | Lair:4   | Killed an eight-headed hydra
 20817 | Lair:4   | Reached XP level 13. HP: 84/106 MP: 8/13
 21005 | Lair:4   | Noticed Snorg
 21059 | Lair:3   | Killed Snorg
 21388 | Lair:4   | Reached skill level 13 in Unarmed Combat
 21770 | Lair:4   | Noticed Josephine
 21786 | Lair:4   | Killed Josephine
 22506 | Lair:4   | Found a staircase to the Snake Pit.
 24820 | Lair:6   | Entered Level 6 of the Lair of Beasts
 25447 | Lair:6   | Reached skill level 14 in Unarmed Combat
 26119 | Lair:6   | Gained mutation: A demonic guardian rushes to your aid.
                  | [demonic ancestry]
 26119 | Lair:6   | Reached XP level 14. HP: 81/116 MP: 12/14
 28429 | Lair:6   | Found a staircase to the Slime Pits.
 29134 | Lair:6   | Identified the cursed +2 demon blade "Ycoipp" {elec, rPois
                  | MP+9 Str+3} (You found it on level 6 of the Lair of Beasts)
 29171 | Lair:6   | Bought the +4 moon troll leather armour {Spirit, Regen++
                  | MP+5} for 1635 gold pieces
 29171 | Lair:6   | Found the +4 moon troll leather armour {Spirit, Regen++
                  | MP+5}
 29459 | Orc:1    | Entered Level 1 of the Orcish Mines
 29468 | Orc:1    | Reached skill level 1 in Dodging
 29471 | Orc:1    | Reached skill level 15 in Unarmed Combat
 29667 | Orc:2    | Entered Level 2 of the Orcish Mines
 29764 | Orc:2    | Noticed Erolcha
 29772 | Orc:2    | Killed Erolcha
 29833 | Orc:2    | Noticed a stone giant
 29840 | Orc:2    | Killed a stone giant
 29847 | Orc:2    | Found Zatoaczag's Antique Armour Shoppe.
 30178 | Orc:1    | Mangled by an orc knight

Illustrated notes

Levels and vault maps discovered:
D:1:      matt_arrival_diagonals, layout_loops_corners
D:2:      layout_rooms, old_standard_altar, okawaru_ov_weapons_minmay,
          uniq_sigmund
D:3:      layout_basic, gammafunk_temple_overflow_claw
D:4:      layout_loops_cross, gammafunk_ghost_stat_death, chequers_jeans,
          nicolae_ru_the_path_less_chosen, uniq_ijyb
D:5:      layout_loops_ring, old_standard_altar, serial_shops,
          nicolae_shop_stone, gup_sewer_entry_pipe, chequers_decorated_corner
D:6:      layout_cave_pools, eat_drink_and_be_merry_uskayaw, tso_metal_star,
          serial_shops, nicolae_shop_trees
D:7:      layout_loops_corners, nemelex_xobeh_ov_fountains_minmay,
          elyvilon_altar_5, nicolae_qazlal_eye_of_the_storm, temple_statues
D:8:      corexii_shack_village, layout_loops_cross
D:9:      layout_stronghold, nicolae_overflow_crystal_walls, basic_altar
D:10:     layout_basic, erik_orc_2
D:11:     lemuel_castle_with_subvaults [lemuel_castle_interior_carwin_1],
          layout_irregular_city, minmay_lair_entry_grove, basic_altar,
          ebering_ghost_reflecting_pool
Temple:   cyrus_temple_forest
Lair:1:   layout_long_grid, serial_bayou_shore_b
Lair:2:   minmay_guarded_unrand_snakebite, layout_small_grid, st_stairs_6,
          zaba_anthell
Lair:3:   layout_misc_corridors, minmay_swamp_entry_reptiles, basic_altar,
          columned_hall_lemuel, hangedman_lair_unloving_vines
Lair:4:   layout_cave_pods, minmay_snake_entry_guardpost_small, uniq_josephine,
          uniq_snorg
Lair:5:   layout_concentric_octagons, grunt_megastairs_3, lemuel_fruit_fields
Lair:6:   minmay_lair_end_frog_pond, layout_layer_cave, slime_dummy,
          eino_small_chamber_without_monster, chequers_serial_rivers_small_b,
          patterned_corridor
Orc:1:    layout_caves
Orc:2:    st_orc_town, layout_caves, serial_shops, nicolae_shop_statue_plus,
          uniq_erolcha

Skill      XL: |  1  2  3  4  5  6  7  8  9 10 11 12 13 14 |
---------------+-------------------------------------------+-----
Long Blades    | 2 3 4 5 6 |  6.0
Shields        | 3 |  3.5
Armour         | 3 4 5 6 8 9 10 11 12 | 12.0
Fighting       | 4 5 6 7 9 10 11 12 13 | 13.1
Unarmed Combat | 4 7 9 11 12 14 15 | 15.2
Dodging        | 2 |  2.1

Action                   |  1- 3 |  4- 6 |  7- 9 | 10-12 | 13-15 || total
-------------------------+-------+-------+-------+-------+-------++-------
Melee: Long sword        |   126 |   132 |   325 |       |       ||   583
       Unarmed           |       |       |   378 |   945 |   697 ||  2020
       Punch             |       |       |    11 |    49 |    62 ||   122
Invok: Call Merchant     |       |       |       |     3 |     1 ||     4
Evoke: Wand              |       |       |       |     9 |       ||     9
  Use: Potion            |     3 |     1 |     1 |     4 |     4 ||    13
       Scroll            |     3 |     8 |     8 |     5 |     9 ||    33
 Stab: Distracted        |       |     1 |     2 |     5 |     7 ||    15
       Sleeping          |       |       |     1 |       |       ||     1
Armor: Scale mail        |    55 |    83 |    12 |   248 |   236 ||   634
       Chain mail        |       |       |   340 |   124 |       ||   464
       Robe              |       |       |    11 |       |       ||    11
       Skin              |       |       |       |       |    23 ||    23
       Troll leather arm |       |       |       |       |    33 ||    33
Dodge: Dodged            |    45 |   147 |   382 |   430 |   360 ||  1364
Block: Kite shield       |    60 |       |       |       |       ||    60
       Other             |       |       |   189 |   177 |   160 ||   526
       Reflection        |       |       |    13 |     9 |     3 ||    25
       Rpst.: Long sword |    17 |    51 |    56 |       |       ||   124

Table legend: (Time is in decaauts)
 A = Elapsed time spent in this place.
 B = Non-inter-level travel time spent in this place.
 C = Inter-level travel time spent in this place.
 D = Time resting spent in this place.
 E = Time spent auto-exploring this place.
 F = Levels seen in this place.
 G = Mean time per level.
                   A        B        C        D        E       F      G
               +--------+--------+--------+--------+--------+-----+--------+
         Total |  29953 |  28993 |    960 |   3875 |  20281 |  21 | 1426.3 |
       Dungeon |  15453 |  14862 |    591 |   1862 |  10496 |  11 | 1404.8 |
        Temple |     92 |     51 |     41 |      0 |     44 |   1 |   92.0 |
          Lair |  12911 |  12600 |    311 |   1945 |   8871 |   6 | 2151.8 |
  Orcish Mines |    694 |    677 |     17 |     67 |    345 |   2 |  347.0 |
         Sewer |    801 |    801 |      0 |      0 |    524 |   1 |  801.0 |
               +--------+--------+--------+--------+--------+-----+--------+

Top non-repeatable levels by time:
  Lair:6: 3513 daAuts
    D:11: 2823 daAuts
    D:10: 2524 daAuts
  Lair:2: 2503 daAuts
  Lair:4: 2325 daAuts
  Lair:5: 2194 daAuts
     D:5: 1641 daAuts
     D:4: 1629 daAuts
  Lair:1: 1297 daAuts
     D:2: 1120 daAuts
     D:1: 1108 daAuts
  Lair:3: 1077 daAuts
     D:6: 1054 daAuts
     D:9: 1034 daAuts
     D:7: 1009 daAuts
